 Dungeon Crawl Stone Soup version 0.24.0-35-gdb84b6a5db (webtiles) character file.

Game seed: 3322930317070110999, levelgen mode: deterministic

331 Katsumi the Transmogrifier (level 6, -1/30 HPs)
             Began as a Felid Transmuter on Nov 18, 2019.
             Slain by an ufetubus (5 damage)
             ... summoned by a ynoxinul
             ... on level 2 of the Abyss.
             The game lasted 00:11:09 (8903 turns).

Katsumi the Transmogrifier (Felid Transmuter)       Turns: 8903, Time: 00:11:09

Health: -1/30      AC:  2    Str:  6    XL:     6   Next: 26%
Magic:  11/11      EV: 18    Int: 16    God:
Gold:   126        SH:  0    Dex: 17    Spells: 3/11 levels left
                                        Lives:  0   Deaths: 2

rFire    . . .     SeeInvis +     - Unarmed
rCold    . . .     Gourm    .   (shield unavailable)
rNeg     . . .     Faith    .   (armour unavailable)
rPois    .         Spirit   .   (helmet unavailable)
rElec    .         Reflect  .   (cloak unavailable)
rCorr    .         Harm     .   (gloves unavailable)
MR       +....                  (boots unavailable)
Stlth    ++........             (no amulet)
HPRegen  0.10/turn              p - ring of wizardry
MPRegen  0.12/turn              e - ring of protection from magic

@: quick
A: very small, no armour, no weapons or thrown items, stealth, claws 1, fangs 3,
see invisible, carnivore, speed 1, shaggy fur 2, slow metabolism 1, sharp paws
a: no special abilities


You were on level 2 of the Abyss.
You were not hungry.

You visited 1 branch of the dungeon, and saw 5 of its levels.
You visited the Abyss 1 time.
You also visited: Ossuary.

You collected 126 gold pieces.

Inventory:

Missiles
 a - 44 arrows
Jewellery
 e - a ring of protection from magic (right paw)
 n - an uncursed ring of ice
 p - a ring of wizardry (left paw)
 w - a +3 ring of evasion {unknown}
Wands
 r - a wand of flame (14)
 s - a wand of random effects (21)
 y - a wand of polymorph (5)
Scrolls
 d - 2 scrolls of fear
 g - a scroll of amnesia {unknown}
 i - 2 scrolls of teleportation
 k - a scroll of magic mapping {unknown}
 l - a scroll of blinking {unknown}
 m - 5 scrolls of remove curse {unknown}
 t - a scroll of enchant weapon {unknown}
 u - a scroll of enchant armour {unknown}
 z - a scroll of holy word {unknown}
 D - 2 scrolls of fog {unknown}
Potions
 b - 3 potions of lignification {unknown}
 f - 4 potions of curing
 h - a potion of brilliance
 j - 2 potions of heal wounds
 o - a potion of haste {unknown}
 q - a potion of mutation {unknown}
 v - a potion of invisibility
 x - 2 potions of berserk rage {unknown}
 A - a potion of agility {unknown}
 B - a potion of flight {unknown}
 C - a potion of might
Comestibles
 c - 3 rations


   Skills:
 + Level 5.3 Fighting
 - Level 2.6 Dodging
 + Level 4.8 Unarmed Combat
 - Level 3.0 Spellcasting
 - Level 8.0 Transmutations


You had 3 spell levels left.
You knew the following spells:

 Your Spells              Type           Power        Failure   Level  Hunger
a - Beastly Appendage     Tmut           ####..       1%          1    #......
b - Sticks to Snakes      Tmut           ####....     1%          2    ##.....
c - Blade Hands           Tmut           ####......   8%          5    ######.

Your spell library contained the following spells:

 Spells                   Type           Power        Failure   Level  Hunger
 Spider Form              Tmut/Pois      ###.......   4%          3    ###....
 Corona                   Hex            #......      8%          1    #......
 Slow                     Hex            #.......     12%         2    ##.....
 Inner Flame              Hex/Fire       #.......     22%         3    ###....
 Ice Form                 Ice/Tmut       ###.....     14%         4    #####..
 Cause Fear               Hex            #.........   56%         4    #####..
 Leda's Liquefaction      Hex/Erth       #.........   56%         4    #####..
 Portal Projectile        Hex/Tloc       Unusable     N/A         3    N/A

Dungeon Overview and Level Annotations

Branches:
Dungeon (5/15)            Ossuary (visited)
 Temple: D:4-7

Altars:
Nemelex Xobeh
Xom

Annotations:
D:3 1 exclusion
D:5 flestrin's ghost, novice OpCj


Innate Abilities, Weirdness & Mutations

You cannot wear armour.
You are incapable of wielding weapons or throwing items.
Your paws allow you to move quietly. (Stealth)
You have sharp claws.
You have razor-sharp teeth.
You have supernaturally acute eyesight. (SInv)
You are carnivorous and can eat meat at any time.
You cover ground quickly.
You are covered in thick fur. (AC +2)
You have a slow metabolism.
Your sharp claws are effective at attacking unaware monsters.


Message History

* * * LOW HITPOINT WARNING * * *
The ynoxinul closely misses you. The ufetubus misses you.
The ufetubus closely misses you.
The ufetubus hits you but does no damage.
The ufetubus closely misses you. The ufetubus misses you. x2
The ufetubus closely misses you. x2
The ynoxinul gestures.
The ufetubus closely misses you. The ufetubus hits you.
* * * LOW HITPOINT WARNING * * *
The ufetubus barely misses you. The ufetubus misses you.
The ufetubus completely misses you. The ufetubus hits you.
* * * LOW HITPOINT WARNING * * *
The ufetubus barely misses you.
The ufetubus hits you but does no damage.
The ufetubus barely misses you.
The ufetubus hits you but does no damage.
The ynoxinul hits you but does no damage.
The ufetubus misses you. x2
The ufetubus misses you. The ufetubus hits you.
You die...

.# #. . # . #
##......### .# .
. .. .....###.#
. ..............
# ...
.......#..#.###
... .
.........55#...#
. ... .
......#535#.# ..
.. ..... ##@5.#
..# ...
..##.#..##..#
.##.... .# ..##.
# . ............
##.# ........
.....# .#.# .
..... .....#
#... .
.......≈≈..#≈≈
.#≈≈
≈....≈≈..≈≈.≈≈≈♣
. #≈ ..≈ ≈
≈.≈≈...#. #


You could see a ynoxinul and 5 ufetubi.

Vanquished Creatures
  Sigmund (D:2)
  A golden eye (Abyss:2)
  An ice beast (Abyss:2)
  A sky beast (D:5)
  A phantom (D:5)
  An elf zombie (Ossuary)
  2 scorpions
  A howler monkey (D:4)
  A hound (D:3)
  A quasit (Abyss:2)
  A bullfrog skeleton (D:4)
  An iguana (D:5)
  Jessica (D:3)
  3 worker ants
  A big kobold zombie (Ossuary)
  2 mummies (Ossuary)
  Robin (D:3)
  3 adders
  A howler monkey skeleton (D:3)
  An ooze (D:5)
  2 adder zombies (Ossuary)
  2 worms
  2 dart slugs
  2 leopard geckos (D:1)
  8 orcs
  7 bats
  8 giant cockroaches
  11 goblins
  8 hobgoblins
  6 jackals
  A quokka (D:4)
  2 ball pythons
  6 frilled lizards
  A goblin zombie (Ossuary)
  9 hobgoblin zombies (Ossuary)
  A jackal zombie (Ossuary)
  6 kobolds
  11 kobold zombies (Ossuary)
  8 orc zombies (Ossuary)
  10 rats
  2 rat zombies (Ossuary)
139 creatures vanquished.

Vanquished Creatures (collateral kills)
  An ogre (D:4)
  3 adders (D:2)
  A hobgoblin (D:2)
5 creatures vanquished.

Vanquished Creatures (others)
  A goblin (D:3)
1 creature vanquished.

Grand Total: 145 creatures vanquished

Notes
Turn   | Place    | Note
-------+----------+-------------------------------------------
     0 | D:1      | Katsumi the Felid Transmuter began the quest for the Orb.
     0 | D:1      | Reached XP level 1. HP: 9/9 MP: 4/4
   363 | D:1      | Reached skill level 3 in Transmutations
   564 | D:1      | Reached XP level 2. HP: 12/12 MP: 4/6
   568 | D:1      | Learned a level 2 spell: Sticks to Snakes
  1209 | D:2      | Reached XP level 3. HP: 11/15 MP: 3/7
  1577 | D:2      | Reached skill level 4 in Transmutations
  1998 | D:2      | Noticed Sigmund
  2550 | D:2      | Reached XP level 4. HP: 19/19 MP: 6/8
  3150 | D:2      | Killed Sigmund
  3150 | D:2      | Reached skill level 6 in Transmutations
  3150 | D:2      | Reached XP level 5. HP: 21/22 MP: 1/9
  3841 | D:3      | Learned a level 5 spell: Blade Hands
  3963 | D:3      | Noticed Jessica
  3969 | D:3      | Killed Jessica
  3969 | D:3      | Gained mutation: You are covered in thick fur. (AC +2)
                  | [Felid growth]
  3969 | D:3      | Reached XP level 6. HP: 25/25 MP: 4/10
  4076 | D:3      | Reached skill level 7 in Transmutations
  4093 | D:3      | Noticed Robin
  4109 | D:3      | Killed Robin
  5968 | D:4      | Found a shimmering altar of Xom.
  6300 | D:4      | Reached skill level 8 in Transmutations
  6300 | D:4      | Reached XP level 7. HP: 28/28 MP: 4/12
  6534 | D:4      | Found a sparkling altar of Nemelex Xobeh.
  6980 | D:5      | Entered Level 5 of the Dungeon
  7042 | D:5      | Found a runed translucent gate.
  7044 | D:5      | Found a runed translucent gate.
  7044 | D:5      | Found a runed translucent gate.
  7044 | D:5      | Identified the cursed +1 whip of Gallantry {chaos, MR+
                  | Dex+3}
  7044 | D:5      | Noticed flestrin's ghost (novice OpCj)
  7074 | D:5      | Found a sand-covered staircase.
  7239 | Ossuary  | Entered an ossuary
  8604 | D:5      | Reached XP level 8. HP: 27/36 MP: 7/13
  8683 | D:5      | Cast into level 2 of the Abyss (big kobold)
  8741 | Abyss:2  | Reached skill level 5 in Fighting
  8764 | Abyss:2  | Noticed a starcursed mass
  8775 | Abyss:2  | Noticed a revenant
  8778 | Abyss:2  | Noticed a soul eater
  8786 | Abyss:2  | Noticed a raiju
  8787 | Abyss:2  | Slain by a soul eater
  8788 | Abyss:2  | Reached XP level 7. HP: 0/33 MP: 3/12
  8818 | Abyss:2  | Noticed a small abomination
  8829 | Abyss:2  | Noticed a worldbinder
  8854 | Abyss:2  | Noticed a ynoxinul
  8858 | Abyss:2  | Noticed a wraith
  8863 | Abyss:2  | Noticed a vampire mosquito
  8864 | Abyss:2  | Noticed a vampire mosquito
  8864 | Abyss:2  | HP: 1/33 [ufetubus[a ynoxinul] (4)]
  8866 | Abyss:2  | Demolished by a small abomination
  8867 | Abyss:2  | Reached XP level 6. HP: -18/30 MP: 11/11
  8893 | Abyss:2  | Noticed a ynoxinul
  8903 | Abyss:2  | Slain by an ufetubus

Levels and vault maps discovered:
D:1:      psy_arrival_fountain, layout_rooms, hangedman_decor_push
D:2:      layout_basic, grunt_ministairs_4, chequers_serial_rivers_small_b,
          uniq_sigmund
D:3:      layout_loops_ring, tgw_sif, uniq_jessica, uniq_robin
D:4:      layout_loops_corners, nicolae_overflow_hidden_temple, xom_butterflies,
          first_ration, chequers_serial_rivers_small_3, minmay_misc_feat_square,
          hangedman_glass_teeth, corexii_checkpoint_b,
          eino_small_chamber_without_monster
D:5:      layout_loops_ring, minitemple, nicolae_ossuary_entry_false_entrances,
          gammafunk_ghost_nasty_kobolds
Abyss:2:  base: D:2, hangedman_relentless_pull, hangedman_elemental_corridor

Skill      XL: |  1  2  3  4  5  6  7  8 |
---------------+-------------------------+-----
Transmutations | 3 4 6 8 |  8.0
Spellcasting   | 3 |  3.0
Fighting       | 4 5 |  5.3
Unarmed Combat | 4 |  4.8
Dodging        | |  2.6

Action                   |  1- 3 |  4- 6 |  7- 9 || total
-------------------------+-------+-------+-------++-------
Melee: Unarmed           |    98 |   152 |   134 ||   384
       Headbutt          |    11 |    11 |       ||    22
       Bite              |     6 |    14 |     8 ||    28
       Punch             |       |     2 |     5 ||     7
 Cast: Beastly Appendage |    30 |    19 |       ||    49
       Sticks to Snakes  |     7 |     7 |       ||    14
       Blade Hands       |       |    12 |    19 ||    31
 Abil: End Transformatio |       |       |     1 ||     1
Evoke: Wand              |       |       |     6 ||     6
  Use: Potion            |     1 |     1 |       ||     2
       Scroll            |     3 |     2 |     2 ||     7
 Stab: Sleeping          |     3 |     1 |       ||     4
  Eat: Chunk             |    11 |    13 |     4 ||    28
Armor: Skin              |     2 |     9 |    15 ||    26
Dodge: Dodged            |    99 |   149 |   108 ||   356
